 Dungeon Crawl Stone Soup version 0.32-a0-675-gdc239d62e1 (webtiles) character file.

Game seed: 15998195081389329419

414 Kenran the Shooter (level 6, 0/72 HPs)
             Began as a Demigod Hunter on Mar 10, 2024.
             Slain by a gnoll sergeant
             ... wielding a +0 spear
              (5 damage)
             ... on level 5 of the Dungeon on Mar 11, 2024.
             The game lasted 00:05:48 (3779 turns).

Kenran the Shooter (Demigod Hunter)                 Turns: 3779, Time: 00:05:49

Health: 0/72       AC: 23    Str: 12    XL:     6   Next: 33%
Magic:  8/8        EV:  2    Int: 11    God:
Gold:   233        SH:  0    Dex: 25    Spells: 5/5 levels left

rFire   . . .        v - +0 long sword
rCold   . . .        (no shield)
rNeg    . . .        w - melded +3 leather armour
rPois   +            (helmet currently unavailable)
rElec   .            (cloak currently unavailable)
rCorr   .            (gloves currently unavailable)
SInv    .            (boots currently unavailable)
Will    .....        (no amulet)
Stlth   ++           (no ring)
HPRegen 0.32/turn    (no ring)
MPRegen 0.11/turn

%: no passive effects
@: tree-form
A: stationary, stasis, torment immunity, boosted hp, high MP 1, forlorn, divine
attributes
a: no special abilities


You were on level 5 of the Dungeon.
You were a tree.
You visited 1 branch of the dungeon, and saw 5 of its levels.

You collected 233 gold pieces.

Inventory:

Hand Weapons
 v - a +0 long sword (weapon)
Armour
 w - a +3 leather armour (melded)
Jewellery
 x - a ring of ice
Wands
 a - a wand of flame (24)
Scrolls
 b - a scroll of butterflies
 c - a scroll of teleportation {unknown}
 d - a scroll of enchant weapon
 e - a scroll of torment {unknown}
 f - a scroll of revelation
 h - a scroll of vulnerability {unknown}
 k - 3 scrolls of poison {!r}
 r - a scroll of amnesia {unknown}
 s - a scroll of identify {@r1}
 t - a scroll of fog {unknown}
 u - 2 scrolls of fear {unknown}
Potions
 i - a potion of enlightenment {unknown}
 j - a potion of degeneration {unknown}
 l - a potion of lignification {!q}
 m - a potion of magic {unknown}
 n - a potion of mutation {unknown}
 o - a potion of might {unknown}
 p - a potion of ambrosia {unknown}
 q - a potion of attraction {unknown}


   Skills:
 - Level 2.0 Fighting
 + Level 3.3 Long Blades
 - Level 6.2 Ranged Weapons
 - Level 1.7 Dodging
 - Level 0.8 Stealth


You had 5 spell levels left.
You didn't know any spells.
Your spell library contained the following spells:

 Spells                   Type           Power      Damage    Failure   Level
 Scorch                   Fire           0%         2d5       47%         2
 Inner Flame              Hex/Fire       0%         N/A       71%         3
 Cause Fear               Hex            0%         N/A       98%         4
 Flame Wave               Conj/Fire      0%         2d4       98%         4
 Sticky Flame             Fire/Alch      0%         2d4       98%         4
 Fireball                 Conj/Fire      0%         3d3       100%        5
 Summon Cactus Giant      Summ           0%         N/A       100%        6
 Dragon's Call            Summ           0%         N/A       100%        9


Dungeon Overview and Level Annotations

Branches:
Dungeon (5/15)
 Temple: D:4-7


Innate Abilities, Weirdness & Mutations

You are a tree.
Your roots penetrate the ground, keeping you stationary.
You cannot be teleported.
You are immune to unholy pain and torment.
Your maximum health is greatly increased.
Your equipment is partially melded.
You have an increased reservoir of magic. (+10% MP)
You shall have no god before yourself.
Your divine heritage dramatically boosts your attributes as you level up.


Message History

The gnoll sergeant hits you but does no damage.
You hit the gnoll sergeant but do no damage.
The gnoll sergeant hits you but does no damage.
You barely miss the gnoll sergeant.
The gnoll sergeant hits you with a +0 spear.
* * * LOW HITPOINT WARNING * * *
You barely miss the gnoll sergeant.
The gnoll sergeant hits you but does no damage.
You hit the gnoll sergeant but do no damage.
The gnoll sergeant hits you but does no damage. x2
You feel better.
The gnoll sergeant hits you but does no damage.
You closely miss the gnoll sergeant.
The gnoll sergeant hits you but does no damage.
You hit the gnoll sergeant.
The gnoll sergeant is lightly wounded.
The gnoll sergeant hits you with a +0 spear.
* * * LOW HITPOINT WARNING * * *
You hit the gnoll sergeant.
The gnoll sergeant is lightly wounded.
The gnoll sergeant hits you but does no damage.
You hit the gnoll sergeant but do no damage.
The gnoll sergeant is lightly wounded.
The gnoll sergeant hits you but does no damage. x2
You barely miss the gnoll sergeant.
The gnoll sergeant is lightly wounded.
The gnoll sergeant hits you with a +0 spear!
* * * LOW HITPOINT WARNING * * *
You hit the gnoll sergeant.
The gnoll sergeant is moderately wounded.
The gnoll sergeant barely misses you.
You hit the gnoll sergeant.
The gnoll sergeant is heavily wounded.
The gnoll sergeant hits you but does no damage.
You slash the gnoll sergeant!
The gnoll sergeant is almost dead.
The gnoll sergeant hits you with a +0 spear.
* * * LOW HITPOINT WARNING * * *
The gnoll sergeant hits you with a +0 spear.
You die...

###### ### ..##..
..# #.##.# #.#
#.##.##### #.#
.........###.#####
#.##.###.........#
#.#...######.###♣#
.).....#####.# #g#
###..........# #g#
##.######### #g#
#.# #.# #.# #.#
#+# ## #.### ..#
#...# .... #####.#


You could see a gnoll sergeant and 2 gnolls.

Vanquished Creatures
  A phantom (D:5)
  A scorpion (D:5)
  4 orc wizards
  An iguana (D:5)
  A gnoll (D:5)
  4 adders
  2 dart slugs
  4 ribbon worms
  15 orcs
  4 bats
  8 endoplasms
  3 giant cockroaches
  4 goblins
  8 hobgoblins
  2 jackals (D:1)
  3 quokkas
  9 ball pythons
  A frilled lizard (D:2)
  7 kobolds
  2 rats (D:3)
84 creatures vanquished.

Notes
Turn   | Place    | Note
-------+----------+-------------------------------------------
     0 | D:1      | Kenran the Demigod Hunter began the quest for the Orb.
     0 | D:1      | Reached XP level 1. HP: 17/17 MP: 3/3
   169 | D:1      | Reached skill level 4 in Ranged Weapons
   169 | D:1      | Reached XP level 2. HP: 17/24 MP: 4/4
   714 | D:2      | Reached XP level 3. HP: 29/29 MP: 5/5
   885 | D:2      | Reached skill level 5 in Ranged Weapons
   901 | D:2      | You fall into a shaft and drop 1 floor!
   932 | D:3      | Identified the +3 whip of Intuition {antimagic, rF+ Dex-2
                  | Stlth+}
  1040 | D:3      | Reached XP level 4. HP: 28/36 MP: 6/6
  1807 | D:3      | Upgraded the game from 0.32-a0-672-gff75c0dad8 to
                  | 0.32-a0-675-gdc239d62e1
  2053 | D:4      | Reached skill level 6 in Ranged Weapons
  2053 | D:4      | Reached XP level 5. HP: 21/41 MP: 7/7
  2467 | D:4      | Reached skill level 1 in Long Blades
  3256 | D:5      | Entered Level 5 of the Dungeon
  3447 | D:5      | Reached XP level 6. HP: 33/48 MP: 8/8
  3779 | D:5      | Slain by a gnoll sergeant

Illustrated notes

Levels and vault maps discovered:
D:1:      saegor_arrival_miasma, layout_basic
D:2:      layout_rooms, nicolae_ecumenical_snake_handling, grunt_ministairs_6,
          nicolae_titane
D:3:      layout_basic, minmay_misc_feat_tiny, kennysheep_nondescript
D:4:      layout_loops_ring, serial_co_window_serial, co_window_paths_a,
          co_window_paths_b, co_window_paths_b, co_window_paths_a,
          co_window_corner_a, co_window_paths_c, co_window_corner_ca,
          co_window_paths_c, co_window_paths_c, co_window_2corner,
          co_window_corner_cb, co_window_sun
D:5:      layout_loops_corners, amethyst_overflow_temple_binary,
          nicolae_grassy_gnolls

Skill      XL: |  1  2  3  4  5 |
---------------+----------------+-----
Fighting       | 2 |  2.0
Ranged Weapons | 4 5 6 |  6.2
Long Blades    | 3 |  3.3
Dodging        | |  1.7
Stealth        | |  0.8

Action                     |  1- 3 |  4- 6 || total
---------------------------+-------+-------++-------
  Melee: Orcbow            |     1 |       ||     1
         Long sword        |       |    64 ||    64
   Fire: Shortbow          |     7 |       ||     7
         Orcbow            |    82 |    87 ||   169
    Use: Scroll            |       |     3 ||     3
         Potion            |       |     4 ||     4
   Stab: Sleeping          |       |     2 ||     2
 Armour: Leather armour    |    15 |    70 ||    85
         Skin              |       |    19 ||    19
  Dodge: Dodged            |    10 |    49 ||    59

Table legend: (Time is in decaauts)
 A = Elapsed time spent in this place.
 B = Non-inter-level travel time spent in this place.
 C = Inter-level travel time spent in this place.
 D = Time resting spent in this place.
 E = Time spent auto-exploring this place.
 F = Levels seen in this place.
 G = Mean time per level.
                   A        B        C        D        E       F      G
               +--------+--------+--------+--------+--------+-----+--------+
         Total |   3847 |   3565 |    282 |    348 |   2574 |   5 |  769.4 |
       Dungeon |   3847 |   3565 |    282 |    348 |   2574 |   5 |  769.4 |
               +--------+--------+--------+--------+--------+-----+--------+

Top non-repeatable levels by time:
     D:4: 1215 daAuts
     D:3: 1175 daAuts
     D:5: 534 daAuts
     D:1: 471 daAuts
     D:2: 451 daAuts
